 Dungeon Crawl Stone Soup version 0.31-a0-152-g6aa68a64a1 (webtiles) character file.

Game seed: 17487560576092064799

214 qw the Shooter (level 5, 0/49 HPs)
             Began as a Naga Hunter on June 10, 2023.
             Slain by an iron imp (3 damage)
             ... summoned by Eustachio
             ... on level 4 of the Dungeon.
             The game lasted 00:01:07 (3081 turns).

qw the Shooter (Naga Hunter)                        Turns: 3081, Time: 00:01:07

Health: 0/49       AC:  4    Str: 14      XL:     5   Next: 92%
Magic:  5/5        EV:  9    Int:  9      God:
Gold:   246        SH:  0    Dex: 15 (16) Spells: 4/4 levels left

rFire   . . .        Y - +0 shortbow
rCold   . . .        (shield currently unavailable)
rNeg    . . .        c - +0 leather armour
rPois   +            (no helmet)
rElec   .            (no cloak)
rCorr   .            h - +0 pair of gloves
SInv    +            (no barding)
Will    .....        b - amulet of faith
Stlth   ++           (no ring)
HPRegen 0.28/turn    (no ring)
MPRegen 0.09/turn

%: faith
@: short of breath, very slow
A: AC +1, large, see invisible, deformed body, poison resistance, slowness 2,
spit poison 1, naga tail 1
a: Spit Poison


You were on level 4 of the Dungeon.
You visited 1 branch of the dungeon, and saw 4 of its levels.

You collected 246 gold pieces.


Innate Abilities, Weirdness & Mutations

Your serpentine skin is tough. (AC +1)
You have supernaturally acute eyesight. (SInv)
Armour fits poorly on your strangely shaped body.
Your system is resistant to poisons. (rPois)
You cover ground very slowly.
You can spit poison.
You have a snake-like lower body.


   Skills:
 - Level 3.2 Fighting
 + Level 5.8 Ranged Weapons
 - Level 1.5 Dodging
 - Level 1.5 Stealth


You had 4 spell levels left.
You didn't know any spells.
Your spell library was empty.

Inventory:

Hand Weapons
 Y - a +0 shortbow (weapon)
Armour
 c - a +0 leather armour (worn)
 h - a +0 pair of gloves (worn)
Jewellery
 b - an amulet of faith (around neck)
 e - a ring of ice
Scrolls
 a - a scroll of identify
 j - a scroll of vulnerability {unknown}
Potions
 d - a potion of berserk rage {unknown}
 f - a potion of invisibility {unknown}
 g - a potion of curing
 i - a potion of brilliance {unknown}

Dungeon Overview and Level Annotations

Branches:
Dungeon (4/15)
 Temple: D:4-7

Altars:
Elyvilon
Fedhas
Gozag
Nemelex Xobeh
Qazlal
Trog
Uskayaw
Yredelemnul

Annotations:
D:3 3 runed translucent doors, qw's ghost, amateur MiHu
D:4 Eustachio


Message History

Eustachio hits you with a +0 rapier. The iron imp hits you.
You shoot an arrow. The arrow hits the iron imp.
The iron imp is severely wounded.
The bat barely misses you. The bat hits you but does no damage.
The bat completely misses you. Eustachio hits you with a +0 rapier.
You shoot an arrow.
The arrow hits the iron imp but does no damage.
The iron imp is severely wounded.
The bat closely misses you. The bat hits you but does no damage.
Eustachio hits you with a +0 rapier! The iron imp completely misses you.
Eustachio hits you with a +0 rapier.
You shoot an arrow. The arrow hits the iron imp.
You kill the iron imp!
The iron imp disappears in a puff of smoke!
You have got your breath back.
The bat barely misses you. The bat hits you. Eustachio closely misses you.
The iron imp barely misses you.
3078 ||| INVOKING Spit Poison.
Aiming: Spit Poison (1% risk of failure)
Press: ? - help, Shift-Dir - straight line, f - Eustachio The splash of poison hits Eustachio!
Eustachio is heavily wounded.
The bat closely misses you.
Eustachio casts a spell.
The iron imp hits you.
You shoot an arrow. The arrow barely misses Eustachio.
The iron imp disappears in a puff of smoke!
The bat closely misses you. Eustachio completely misses you.
You shoot an arrow. The arrow closely misses Eustachio.
The bat barely misses you. The quasit bites you.
You feel clumsy. The quasit completely misses you. The quasit claws you.
The iron imp hits you! Eustachio barely misses you.
You shoot an arrow. The arrow barely misses Eustachio.
The bat hits you but does no damage. The quasit closely misses you.
The quasit claws you but does no damage.
The quasit claws you. The iron imp closely misses you.
Eustachio calls on the powers of shadow!
Eustachio hits you with a +0 rapier. The iron imp hits you.
You die...

.. #....# #########
#....# ........#
#....# #######.#
#....#
.....##.######....#
####.##......#....#
......##....<##...##
)...........###55..#
.......¤.......b@@##
.#.¤~~~¤~~~¤.....5.#
...~.......~.####..#
...¤.#####.~.# ..#
...~.....#.¤.# ..#
.....#._.#.¤..# ..#
...~.#..[..~..# ..#
...~.#####.~..# ).#
...~..


You could see Eustachio (poisoned), 2 iron imps, a quasit (summoned) and a bat
(summoned).

Vanquished Creatures
  A hound (D:4)
  A sleepcap (D:4)
  Jessica (D:3)
  4 adders
  A worm (D:2)
  A dart slug (D:1)
  5 orcs
  8 bats
  4 endoplasms
  9 giant cockroaches
  4 goblins
  8 hobgoblins
  7 jackals
  5 quokkas
  2 ball pythons
  5 frilled lizards
  11 kobolds
  4 rats
81 creatures vanquished.

Notes
Turn   | Place    | Note
-------+----------+-------------------------------------------
     0 | D:1      | qw the Naga Hunter began the quest for the Orb.
     0 | D:1      | Reached XP level 1. HP: 19/19 MP: 1/1
     0 | D:1      | 0 ||| qw: Version: 0.2-a-122-gbc61b45
     0 | D:1      | 0 ||| qw: Game counter: 3510
     0 | D:1      | 0 ||| qw: Always use a shield: true
     0 | D:1      | 0 ||| qw: God list: Okawaru
     0 | D:1      | 0 ||| qw: Allow faded altars: false
     0 | D:1      | 0 ||| qw: Do Orc after D:15 true
     0 | D:1      | 0 ||| qw: Do second Lair branch before Depths: true
     0 | D:1      | 0 ||| qw: Lair rune preference: random
     0 | D:1      | 0 ||| qw: Plans: Normal
     0 | D:1      | 0 ||| PLANNING D:1-11
    26 | D:1      | 26 ||| INVOKING Spit Poison.
    84 | D:1      | 84 ||| INVOKING Spit Poison.
    89 | D:1      | 89 ||| INVOKING Spit Poison.
    94 | D:1      | 94 ||| INVOKING Spit Poison.
    95 | D:1      | HP: 4/19 [goblin/+1 dagger of venom (3)]
    96 | D:1      | Reached skill level 4 in Ranged Weapons
    96 | D:1      | Reached XP level 2. HP: 6/26 MP: 2/2
    98 | D:1      | 98 ||| INVOKING Spit Poison.
   207 | D:1      | 207 ||| INVOKING Spit Poison.
   237 | D:1      | 237 ||| INVOKING Spit Poison.
   247 | D:1      | 247 ||| INVOKING Spit Poison.
   250 | D:1      | 250 ||| INVOKING Spit Poison.
   259 | D:1      | 259 ||| INVOKING Spit Poison.
   302 | D:1      | 302 ||| INVOKING Spit Poison.
   307 | D:1      | 307 ||| INVOKING Spit Poison.
   456 | D:1      | 456 ||| INVOKING Spit Poison.
   492 | D:1      | 492 ||| INVOKING Spit Poison.
   493 | D:1      | Reached XP level 3. HP: 32/32 MP: 3/3
   504 | D:1      | 504 ||| INVOKING Spit Poison.
   509 | D:1      | 509 ||| INVOKING Spit Poison.
   513 | D:1      | 513 ||| INVOKING Spit Poison.
   635 | D:1      | 635 ||| INVOKING Spit Poison.
   644 | D:1      | 644 ||| INVOKING Spit Poison.
   714 | D:1      | 714 ||| INVOKING Spit Poison.
   752 | D:1      | 752 ||| INVOKING Spit Poison.
   800 | D:1      | 800 ||| INVOKING Spit Poison.
   841 | D:1      | 841 ||| READING scroll labelled RUVICO XITAI.
   842 | D:1      | 842 ||| DROPPING scroll of butterflies.
   847 | D:2      | 847 ||| INVOKING Spit Poison.
   853 | D:2      | 853 ||| INVOKING Spit Poison.
   891 | D:2      | 891 ||| INVOKING Spit Poison.
  1038 | D:2      | 1038 ||| INVOKING Spit Poison.
  1044 | D:2      | 1044 ||| INVOKING Spit Poison.
  1049 | D:2      | 1049 ||| INVOKING Spit Poison.
  1181 | D:2      | Reached skill level 5 in Ranged Weapons
  1181 | D:2      | Reached XP level 4. HP: 39/39 MP: 4/4
  1247 | D:2      | 1247 ||| INVOKING Spit Poison.
  1343 | D:2      | 1343 ||| INVOKING Spit Poison.
  1431 | D:2      | 1431 ||| UPGRADING to amulet of faith.
  1436 | D:2      | 1436 ||| READING 2 scrolls labelled OLICZACLODGH.
  1437 | D:2      | 1437 ||| READING scroll labelled WUERADD JUSE.
  1438 | D:2      | 1438 ||| READING scroll labelled YJOUVA OJUMNECYNIY.
  1539 | D:2      | 1539 ||| READING scroll labelled PIOTOI OLYOFI.
  1569 | D:3      | 1569 ||| INVOKING Spit Poison.
  1573 | D:3      | 1573 ||| INVOKING Spit Poison.
  1576 | D:3      | 1576 ||| STAIRDANCE
  1578 | D:2      | 1578 ||| INVOKING Spit Poison.
  1611 | D:3      | 1611 ||| STAIRDANCE
  1613 | D:2      | 1613 ||| INVOKING Spit Poison.
  1617 | D:2      | 1617 ||| INVOKING Spit Poison.
  1670 | D:3      | Found a stormy altar of Qazlal.
  1761 | D:3      | Found a white marble altar of Elyvilon.
  1860 | D:3      | 1860 ||| INVOKING Spit Poison.
  1878 | D:3      | 1878 ||| INVOKING Spit Poison.
  1976 | D:3      | Noticed Jessica
  1977 | D:3      | 1977 ||| INVOKING Spit Poison.
  1978 | D:3      | Killed Jessica
  1979 | D:3      | Reached skill level 3 in Fighting
  1981 | D:3      | 1981 ||| INVOKING Spit Poison.
  1984 | D:3      | Reached XP level 5. HP: 42/49 MP: 5/5
  1987 | D:3      | 1987 ||| INVOKING Spit Poison.
  2050 | D:3      | 2050 ||| INVOKING Spit Poison.
  2077 | D:3      | Found a hide-covered altar of Uskayaw.
  2091 | D:3      | Found a blossoming altar of Fedhas.
  2126 | D:3      | Found a sparkling altar of Nemelex Xobeh.
  2126 | D:3      | Found an opulent altar of Gozag.
  2128 | D:3      | 2128 ||| INVOKING Spit Poison.
  2228 | D:3      | Found a faded altar of an unknown god.
  2235 | D:3      | 2235 ||| INVOKING Spit Poison.
  2238 | D:3      | 2238 ||| INVOKING Spit Poison.
  2256 | D:3      | Found a runed translucent gate.
  2256 | D:3      | Found a runed translucent gate.
  2258 | D:3      | Found a runed translucent gate.
  2260 | D:3      | Noticed qw's ghost (amateur MiHu)
  2392 | D:3      | Found a basalt altar of Yredelemnul.
  2393 | D:3      | 2393 ||| INVOKING Spit Poison.
  2397 | D:3      | 2397 ||| UPGRADING to +0 pair of gloves.
  2402 | D:3      | 2402 ||| DRINKING 2 bubbling black potions.
  2446 | D:4      | 2446 ||| INVOKING Spit Poison.
  2455 | D:4      | 2455 ||| INVOKING Spit Poison.
  2564 | D:4      | HP: 8/49 [sleepcap (11)]
  2579 | D:4      | 2579 ||| INVOKING Spit Poison.
  2580 | D:4      | 2580 ||| INVOKING Spit Poison.
  2729 | D:4      | 2729 ||| INVOKING Spit Poison.
  2733 | D:4      | 2733 ||| INVOKING Spit Poison.
  2739 | D:4      | 2739 ||| INVOKING Spit Poison.
  2824 | D:4      | 2824 ||| INVOKING Spit Poison.
  2869 | D:4      | 2869 ||| INVOKING Spit Poison.
  2931 | D:4      | 2931 ||| INVOKING Spit Poison.
  2951 | D:4      | 2951 ||| INVOKING Spit Poison.
  3041 | D:4      | Found a bloodstained altar of Trog.
  3067 | D:4      | Noticed Eustachio
  3071 | D:4      | 3071 ||| INVOKING Spit Poison.
  3074 | D:4      | 3074 ||| INVOKING Spit Poison.
  3078 | D:4      | 3078 ||| INVOKING Spit Poison.
  3080 | D:4      | HP: 7/49 [iron imp[Eustachio] (9)]
  3081 | D:4      | HP: 3/49 [Eustachio/+0 rapier (3)]
  3081 | D:4      | Slain by an iron imp

Levels and vault maps discovered:
D:1:      ncdulo_wetmaze, layout_basic
D:2:      layout_loops_ring
D:3:      minmay_evil_eye, layout_basic, grunt_temple_overflow_opulence,
          mainiacjoe_overflow_concentric_impassable, amcnicky_altar_gilded,
          lemuel_tele_altar, mainiacjoe_overflow_catch_the_wave,
          hellmonk_ecumenical_altar_arch_garden, ebering_ghost_rock_garden,
          uniq_jessica
D:4:      layout_cave_pools, mainiacjoe_overflow_brackets,
          serial_co_window_serial, co_window_corner_a, co_window_corner_a,
          co_window_paths_b, co_window_of_opportunity_a, co_window_paths_a,
          co_window_paths_c, co_window_broadway_a, co_window_corner_b,
          co_window_corner_ca, co_window_paths_c, co_window_unsneaky_path_a,
          co_window_cross_4, co_window_paths_e, glass_columns_b,
          uniq_blork_the_orc, uniq_eustachio

Skill      XL: |  1  2  3  4 |
---------------+-------------+-----
Ranged Weapons | 4 5 |  5.8
Fighting       | 3 |  3.2
Dodging        | |  1.5
Stealth        | |  1.5

Action                     |  1- 3 |  4- 6 || total
---------------------------+-------+-------++-------
   Fire: Shortbow          |    80 |    83 ||   163
Ability: Spit Poison       |    28 |    30 ||    58
    Use: Scroll            |     1 |     4 ||     5
         Potion            |       |     1 ||     1
 Armour: Leather armour    |     6 |    17 ||    23
  Dodge: Dodged            |    20 |    43 ||    63

Table legend:
 A = Non-vault XP
 B = Vault XP
 C = Vault XP percentage of total XP
 D = Non-vault monster count
 E = Vault monster count
 F = Vault count percentage of total count
                 A         B        C        D         E       F
            +---------+---------+-------+---------+---------+-------
      Total |     253 |      54 |  17.6 |      77 |       4 |   4.9
            +---------+---------+-------+---------+---------+-------
        D:1 |      60 |       0 |   0.0 |      34 |       0 |   0.0
        D:2 |      46 |       0 |   0.0 |      20 |       0 |   0.0
        D:3 |      28 |      54 |  65.9 |      10 |       4 |  28.6
        D:4 |     119 |       0 |   0.0 |      13 |       0 |   0.0
            +---------+---------+-------+---------+---------+-------
